 Dungeon Crawl Stone Soup version 0.29-a0-314-gb00dd7cb4b (webtiles) character file.

Game seed: 14785068448948982878

59 Dabor the Skirmisher (level 4, 0/29 HPs)
             Began as a Gargoyle Fighter on Mar 29, 2022.
             Was a Follower of Dithmenos.
             Slain by a gnoll
             ... wielding a +0 halberd
              (6 damage)
             ... on level 2 of the Dungeon.
             The game lasted 00:01:07 (1059 turns).

Dabor the Skirmisher (Gargoyle Fighter)             Turns: 1059, Time: 00:01:08

Health: 0/29       AC: 10    Str: 22    XL:     4   Next: 3%
Magic:  4/4        EV:  9    Int:  8    God:    Dithmenos [*.....]
Gold:   21         SH:  4    Dex:  9    Spells: 3/3 levels left

rFire   . . .      SeeInvis .   a - +0 flail
rCold   . . .      Faith    .   c - +0 buckler
rNeg    + . .      Spirit   .   b - +0 scale mail
rPois   ∞          Reflect  .   (no helmet)
rElec   +          Harm     .   (no cloak)
rCorr   .          Rampage  .   (no gloves)
Will    .....                   (no boots)
Stlth   ..........              (no amulet)
HPRegen 0.09/turn               (no ring)
MPRegen 0.09/turn               (no ring)

@: wreathed by umbra
A: sickness immunity, AC +3, negative energy resistance 1, electricity
resistance, torment resistance 1, petrification resistance
a: Renounce Religion


You were on level 2 of the Dungeon.
You worshipped Dithmenos.
Dithmenos was aware of your devotion.
You visited 1 branch of the dungeon, and saw 2 of its levels.

You collected 21 gold pieces.

Inventory:

Hand Weapons
 a - a +0 flail (weapon)
Armour
 b - a +0 scale mail (worn)
 c - a +0 buckler (worn)
Scrolls
 e - 2 scrolls of identify {unknown}
 g - 2 scrolls of magic mapping {unknown}
 h - 4 scrolls of noise {unknown}
 i - a scroll of amnesia {unknown}
 j - 2 scrolls of enchant weapon {unknown}
 k - a scroll of fear {unknown}
 l - a scroll of blinking {unknown}
Potions
 d - 2 potions of might
 f - a potion of curing {unknown}


   Skills:
 + Level 3.8 Fighting
 + Level 2.6 Maces & Flails
 + Level 3.8 Armour
 + Level 3.8 Shields


You had 3 spell levels left.
You didn't know any spells.
Your spell library was empty.

Dungeon Overview and Level Annotations

Branches:
Dungeon (2/15)

Altars:
Dithmenos


Innate Abilities, Weirdness & Mutations

You are immune to sickness and miasma.
Your stone body is resilient. (AC +3)
You are immune to poison.
You resist negative energy. (rN+)
You are resistant to electric shocks. (rElec)
You are resistant to unholy torment.
You are immune to petrification.


Message History

You block the gnoll's attack.
You barely miss the gnoll.
The gnoll is lightly wounded.
The giant cockroach bites you but does no damage.
The gnoll hits you from afar with a +0 halberd.
The gnoll hits you but does no damage. You block the giant cockroach's attack.
You are too injured to fight recklessly!
You are too injured to fight recklessly!
You are too injured to fight recklessly!
You are too injured to fight recklessly!
You sock the gnoll!
You kill the gnoll!
Dithmenos accepts your kill. The gnoll hits you but does no damage.
The giant cockroach barely misses you. The gnoll completely misses you.
The giant cockroach bites you but does no damage.
You have reached level 4!
You feel stronger.
You hit the giant cockroach.
The giant cockroach is heavily wounded.
The giant cockroach completely misses you.
The gnoll hits you but does no damage.
You closely miss the giant cockroach.
The giant cockroach is heavily wounded.
The giant cockroach waves its antennae.
The giant cockroach misses you. The gnoll closely misses you.
You block the giant cockroach's attack.
You sock the giant cockroach!
You kill the giant cockroach!
Dithmenos accepts your kill. You block the gnoll's attack.
The gnoll hits you from afar with a +0 halberd!
* * * LOW HITPOINT WARNING * * *
You sock the gnoll!
The gnoll is severely wounded.
The gnoll barely misses you.
You closely miss the gnoll.
The gnoll is severely wounded.
The gnoll hits you with a +0 halberd.
You die...

#.# .....≈≈≈≈... #.#
##.≈≈≈≈≈...
#.####..≈≈≈≈≈...
#.....†#≈≈≈≈..#
######.≈≈≈≈≈?.# #>≈≈≈≈≈..#
.#####.≈≈≈g#..##
....88≈≈≈≈g88..##
..........@†....#
...........)....#
.#..88≈≈≈≈≈88..... #
....#≈≈≈≈≈#....####.#. .
.....≈≈≈≈≈............#[.
.....≈≈≈≈................#
.#.#≈≈≈≈≈.................
#.#≈≈≈≈≈##....####.# #..
#≈≈≈≈###.......†.# #..


You could see 2 gnolls.

Vanquished Creatures
  2 gnolls (D:2)
  2 adders (D:2)
  2 endoplasms (D:1)
  2 giant cockroaches
  A hobgoblin (D:1)
  10 ball pythons
  2 bats
  2 frilled lizards
  A rat (D:1)
24 creatures vanquished.

Notes
Turn   | Place    | Note
-------+----------+-------------------------------------------
     0 | D:1      | Dabor the Gargoyle Fighter began the quest for the Orb.
     0 | D:1      | Reached XP level 1. HP: 14/14 MP: 1/1
   493 | D:1      | Reached XP level 2. HP: 19/19 MP: 2/2
   539 | D:1      | Found a faded altar of an unknown god.
   546 | D:1      | Prayed at the altar of an unknown god.
   546 | D:1      | Became a worshipper of Dithmenos the Shadowed
   546 | D:1      | Reached * piety under Dithmenos
   816 | D:2      | Reached XP level 3. HP: 23/23 MP: 3/3
  1053 | D:2      | Reached XP level 4. HP: 13/29 MP: 4/4
  1059 | D:2      | Slain by a gnoll

Illustrated notes

Levels and vault maps discovered:
D:1:      psy_arrival_fountain, layout_basic,
          hellmonk_ecumenical_altar_crossroads, minmay_misc_feat_four_crosses
D:2:      wander_river, layout_loops_cross, basic_altar, minmay_snake_closets

Action                   |  1- 3 |  4- 6 || total
-------------------------+-------+-------++-------
Melee: Flail             |    72 |     5 ||    77
Armor: Scale mail        |    52 |     1 ||    53
Dodge: Dodged            |    43 |     4 ||    47
Block: Buckler           |    16 |     2 ||    18

Table legend: (Time is in decaauts)
 A = Elapsed time spent in this place.
 B = Non-inter-level travel time spent in this place.
 C = Inter-level travel time spent in this place.
 D = Time resting spent in this place.
 E = Time spent auto-exploring this place.
 F = Levels seen in this place.
 G = Mean time per level.
                   A        B        C        D        E       F      G
               +--------+--------+--------+--------+--------+-----+--------+
         Total |   1086 |   1086 |      0 |    379 |    508 |   2 |  543.0 |
       Dungeon |   1086 |   1086 |      0 |    379 |    508 |   2 |  543.0 |
               +--------+--------+--------+--------+--------+-----+--------+

Top non-repeatable levels by time:
     D:1: 591 daAuts
     D:2: 495 daAuts
